 Dungeon Crawl Stone Soup version 0.31-a0-986-g5e6e4ef867 (webtiles) character file.

Game seed: 3019276277578912390

14 Demosthentine the Poker (level 2, 22/22 HPs)
             Began as a Demonspawn Gladiator on Nov 21, 2023.
             Got out of the dungeon alive.
             The game lasted 00:00:15 (126 turns).

Demosthentine the Poker (Demonspawn Gladiator)       Turns: 126, Time: 00:00:15

Health: 22/22      AC:  4    Str: 14    XL:     2   Next: 31%
Magic:  2/2        EV: 12    Int:  9    God:
Gold:   2          SH:  0    Dex: 14    Spells: 1/1 levels left

rFire   . . .        a - +0 trident
rCold   . . .        (no shield)
rNeg    . . .        b - +0 leather armour
rPois   .            c - +0 helmet
rElec   .            (no cloak)
rCorr   .            (no gloves)
SInv    .            (no boots)
Will    .....        (no amulet)
Stlth   +            (no ring)
HPRegen 0.23/turn    (no ring)
MPRegen 0.08/turn

%: no passive effects
@: no status effects
A: claws 1
a: no special abilities


You escaped.
You visited 1 branch of the dungeon, and saw 1 of its levels.

You collected 2 gold pieces.

Inventory:

Hand Weapons
 a - a +0 trident (weapon)
Missiles
 d - 3 throwing nets (quivered)
 e - a javelin
Armour
 b - a +0 leather armour (worn)
 c - a +0 helmet (worn)


   Skills:
 + Level 2.2 Fighting
 + Level 2.9 Polearms
 - Level 1.7 Throwing
 + Level 0.6 Armour
 + Level 2.9 Dodging


You had one spell level left.
You didn't know any spells.
Your spell library was empty.

Dungeon Overview and Level Annotations

Branches:
Dungeon (1/15)

Altars:


Innate Abilities, Weirdness & Mutations

You have sharp fingernails.


Message History

The gnoll is severely wounded.
The gnoll struggles against the net.
You hit the gnoll.
You kill the gnoll!
You have reached level 2!
You feel monstrous as your demonic heritage exerts itself.
Your demonic ancestry asserts itself...
Your fingernails lengthen.
HP restored.
d - 2 throwing nets (gained 1)
You see here a +0 whip.
You now have 2 gold pieces.
You see here a dart slug corpse.
You see here a +0 whip.
d - 3 throwing nets (gained 1)
A ball python comes into view.
The ball python hisses angrily.
A ball python is nearby!
A ball python is nearby!
A ball python is nearby!
You hit the ball python.
The ball python is moderately wounded.
The ball python barely misses you. x2
You hit the ball python but do no damage.
The ball python is moderately wounded.
The ball python misses you. The ball python closely misses you.
You closely miss the ball python.
The ball python is moderately wounded.
The ball python barely misses you. x3; The ball python grabs you.
The ball python constricts you.
You hit the ball python.
You kill the ball python!
No target in view!
No target in view!
No target in view!
Unknown command.
You open the door.
There is an open door here.
There is a staircase leading out of the dungeon here.
You have escaped!

#...).##..#..# #
#.....##.....#
.#.#.....###.##.#
................#
#........######'###+##
#..........# #...#...#
#........#.# #...#.>.#
#........#.# #...#...#
#..........# #.@.#.>.#
#..........# #...#...#
#..........# #...#.>.#
##.######..###...#...#
#.######...###'###+##
#..............#
#########.###### #.#
#.#


There were no monsters in sight!

Vanquished Creatures
  A gnoll (D:1)
  A dart slug (D:1)
  A goblin (D:1)
  A ball python (D:1)
4 creatures vanquished.

Notes
Turn   | Place    | Note
-------+----------+-------------------------------------------
     0 | D:1      | Demosthentine the Demonspawn Gladiator began the quest for
                  | the Orb.
     0 | D:1      | Reached XP level 1. HP: 16/16 MP: 1/1
    29 | D:1      | Discovered your monstrous ancestry.
    29 | D:1      | Gained mutation: You have sharp fingernails. [demonic
                  | ancestry]
    29 | D:1      | Reached XP level 2. HP: 11/22 MP: 2/2
   126 | D:$      | Got out of the dungeon alive.

Illustrated notes

Levels and vault maps discovered:
D:1:      minmay_arrival_up_and_down, layout_basic, serial_shops,
          nicolae_shop_behind_doors, minmay_unequal

Action                     || total
---------------------------++-------
  Melee: Trident           ||    13
  Throw: Throwing net      ||     2
 Armour: Leather armour    ||     4
  Dodge: Dodged            ||    10

Table legend: (Time is in decaauts)
 A = Elapsed time spent in this place.
 B = Non-inter-level travel time spent in this place.
 C = Inter-level travel time spent in this place.
 D = Time resting spent in this place.
 E = Time spent auto-exploring this place.
 F = Levels seen in this place.
 G = Mean time per level.
                   A        B        C        D        E       F      G
               +--------+--------+--------+--------+--------+-----+--------+
         Total |    128 |    128 |      0 |      0 |     85 |   1 |  128.0 |
       Dungeon |    128 |    128 |      0 |      0 |     85 |   1 |  128.0 |
               +--------+--------+--------+--------+--------+-----+--------+

Top non-repeatable levels by time:
     D:1: 128 daAuts
